 Dungeon Crawl Stone Soup version 0.21-a0-401-g0b6bec4 (webtiles) character file.

37 SCCSCCS the Skirmisher (level 3, 0/34 HPs)
             Began as a Minotaur Fighter on Oct 25, 2017.
             Succumbed to an adder's poison
             ... on level 2 of the Dungeon.
             The game lasted 00:01:46 (957 turns).

SCCSCCS the Skirmisher (Minotaur Fighter)            Turns: 957, Time: 00:01:47

Health: 0/34       AC:  6    Str: 21    XL:     3   Next: 23%
Magic:  2/2        EV: 12    Int:  5    God:
Gold:   69         SH:  9    Dex: 14    Spells: 2/2 levels left

rFire    . . .     SeeInvis .   a - +0 flail
rCold    . . .     Gourm    .   c - +0 shield
rNeg     . . .     Faith    .   b - +0 scale mail
rPois    .         Spirit   .   (helmet restricted)
rElec    .         Reflect  .   (no cloak)
rCorr    .         Harm     .   (no gloves)
MR       .....                  (no boots)
Stlth    +.........             (no amulet)
HPRegen  0.11/turn              (no ring)
MPRegen  0.08/turn              (no ring)

@: agile, lethally poisoned (0 -> -4)
A: retaliatory headbutt, horns 2
a: no special abilities


You were on level 2 of the Dungeon.
You were not hungry.

You visited 1 branch of the dungeon, and saw 2 of its levels.

You collected 69 gold pieces.

Inventory:

Hand Weapons
 a - a +0 flail (weapon)
Armour
 b - a +0 scale mail (worn)
 c - a +0 shield (worn)
Scrolls
 g - a scroll of remove curse {unknown}
 h - a scroll of teleportation {unknown}
 i - 2 scrolls of enchant weapon {unknown}
 j - a scroll of immolation {unknown}
 k - 2 scrolls of fear {unknown}
 l - a scroll of identify {unknown}
Potions
 d - 2 potions of might
Comestibles
 f - 2 bread rations


   Skills:
 * Level 4.5 Fighting
 * Level 3.6 Maces & Flails
 - Level 3.6 Armour
 - Level 3.6 Shields


You had 2 spell levels left.
You didn't know any spells.

Dungeon Overview and Level Annotations

Branches:
Dungeon (1/15)

Altars:
Trog


Innate Abilities, Weirdness & Mutations

You reflexively headbutt those who attack you in melee.
You have a pair of horns on your head.


Message History

Your headbutt misses the adder.
The adder is almost dead.
The adder bites you but does no damage.
You barely miss the adder.
The adder is almost dead.
You feel sick. The adder bites you but does no damage. The adder bites you.
* * * LOW HITPOINT WARNING * * *
You miss the adder.
The adder is almost dead.
* * * LOW HITPOINT WARNING * * *
You feel sick. The adder bites you.
* * * LOW HITPOINT WARNING * * *
The adder bites you but does no damage.
There isn't anything here!
It was a potion of agility.
You feel agile all of a sudden. You block the adder's attack.
You hit the adder.
You kill the adder!
You die...

#.# #.....#
#.####.##.##
#...##.##.# #
#.........####.#
###...............
#...............<.
#.#.#.#..######..#
#........# .#
#@#.#.##.# #
#†#.#.##.#
#†#.#.##.#
#.#.#.##.# #.#.#.
#.# ... ... #..
... ..< ..# #.##


There were no monsters in sight!

Vanquished Creatures
  2 adders (D:2)
  2 oozes (D:2)
  A leopard gecko (D:2)
  A ball python (D:2)
  A giant cockroach (D:2)
  A quokka (D:2)
  2 bats (D:2)
  A kobold (D:2)
  A rat (D:2)
12 creatures vanquished.

Notes
Turn   | Place    | Note
-------+----------+-------------------------------------------
     0 | D:1      | SCCSCCS the Minotaur Fighter began the quest for the Orb.
     0 | D:1      | Reached XP level 1. HP: 19/19 MP: 0/0
    27 | D:1      | You fall through a shaft!
    39 | D:2      | Reached skill level 4 in Fighting
    39 | D:2      | Reached XP level 2. HP: 16/27 MP: 1/1
   589 | D:2      | Found a bloodstained altar of Trog.
   933 | D:2      | Reached XP level 3. HP: 30/34 MP: 2/2
   954 | D:2      | HP: 1/34 [adder (3)]
   957 | D:2      | Succumbed to an adder's poison

Vault maps used:
D:1:      eino_arrival_cavern_a, serial_bayou_ford_a
D:2:      lemuel_coloured_pillars_altar, eino_tiny_chamber

Skill      XL: |  1 |
---------------+----+-----
Fighting       | 4 |  4.5
Maces & Flails | 3 |  3.6
Armour         | |  3.6
Shields        | |  3.6

Action                   || total
-------------------------++-------
Melee: Flail             ||    56
       Headbutt          ||     4
  Use: Potion            ||     1
Armor: Scale mail        ||    29
Dodge: Dodged            ||    16
Block: Shield            ||    20

Table legend:
 A = Spawn XP
 B = Non-spawn XP
 C = Spawn XP percentage of total XP
 D = Spawn monster count
 E = Non-spawn monster count
 F = Spawn count percentage of total count
 G = Total turns spent on level
                    A         B        C        D         E        F      G
               +---------+---------+-------+---------+---------+-------+---------
         Total |       0 |      54 |   0.0 |       0 |      12 |   0.0 |   957
               +---------+---------+-------+---------+---------+-------+---------
           D:2 |       0 |      54 |   0.0 |       0 |      12 |   0.0 |   930
               +---------+---------+-------+---------+---------+-------+---------
